 Dungeon Crawl Stone Soup version 0.25-a0-413-g3b4b6a4ccc (webtiles) character file.

Game seed: 9351726245614731578, levelgen mode: deterministic

104 MrRokkomies the Ducker (level 4, -2/24 HPs)
             Began as a Spriggan Abyssal Knight on Jan 17, 2020.
             Was a Follower of Lugonu.
             Slain by a thrashing horror (14 damage)
             ... on level 2 of the Abyss.
             The game lasted 00:02:20 (123 turns).

MrRokkomies the Ducker (Spriggan Abyssal Knight)     Turns: 123, Time: 00:02:20

Health: -2/24      AC:  2    Str:  9    XL:     4   Next: 52%
Magic:  6/6        EV: 19    Int: 13    God:    Lugonu [*.....]
Gold:   13         SH:  0    Dex: 15    Spells: 3/3 levels left

rFire    . . .     SeeInvis +   a - +1 short sword
rCold    . . .     Gourm    .   (shield restricted)
rNeg     . . .     Faith    .   b - +0 robe
rPois    .         Spirit   .   (helmet restricted)
rElec    .         Reflect  .   (no cloak)
rCorr    .         Harm     .   (gloves unavailable)
MR       .....                  (boots unavailable)
Stlth    ++........             (no amulet)
HPRegen  0.08/turn              (no ring)
MPRegen  0.10/turn              (no ring)

@: very quick
A: very small, unfitting armour, see invisible, herbivore, speed 3, slow
metabolism 2
a: Depart the Abyss, Renounce Religion


You were on level 2 of the Abyss.
You worshipped Lugonu.
Lugonu was aware of your devotion.
You were not hungry.

You visited 0 branches of the dungeon, and saw 0 of its levels.
You visited the Abyss 1 time.

You collected 13 gold pieces.

Inventory:

Hand Weapons
 a - a +1 short sword (weapon)
Missiles
 e - 4 boomerangs (quivered)
Armour
 b - a +0 robe (worn)
Wands
 d - a wand of paralysis (1)
Scrolls
 f - a scroll of amnesia {unknown}
 g - a scroll of summoning {unknown}
Comestibles
 c - a ration


   Skills:
 - Level 3.3 Fighting
 * Level 3.0 Short Blades
 - Level 4.4 Dodging
 + Level 2.5 Stealth
 * Level 2.1 Invocations
 + Level 0.0 Evocations


You had 3 spell levels left.
You didn't know any spells.
Your spell library was empty.

Dungeon Overview and Level Annotations

Branches:
Dungeon (0/15)

Altars:


Innate Abilities, Weirdness & Mutations

You are very small and have problems with some larger weapons.
You are too small for most types of armour.
You have supernaturally acute eyesight. (SInv)
You are a herbivore.
You cover ground extremely quickly.
You need to consume almost no food.


Message History

The thrashing horror resists with almost no effort.
The thrashing horror roars!
The thrashing horror tramples you!
You hold your ground!
The thrashing horror misses you.
Found 47 gold pieces.
Evoke which item? (* to show all) (? for menu, Esc to quit)
Aiming: Paralyse
Press: ? - help, Shift-Dir - straight line, f/p - thrashing horror
Aim: a thrashing horror (chance to defeat MR: 15%)
The thrashing horror resists with almost no effort.
The thrashing horror completely misses you.
The thrashing horror tramples you.
You hold your ground!
Evoke which item? (* to show all) (? for menu, Esc to quit)
Aiming: Paralyse
Press: ? - help, Shift-Dir - straight line, f/p - thrashing horror
Aim: a thrashing horror (chance to defeat MR: 15%)
The thrashing horror resists with almost no effort.
The thrashing horror tramples you!
Ouch! That really hurt!
You die...

..#### ## ..#.##.#
# # #
##...#.##.....# #
...... .... ....
#..§.#..... ..
##..§. #.\.##.. #
#X#....#..#...##
###X##X....#..#
###
#.@###..##..##.#..
#..##.#.#...#....
.. #. $#......# .
...# # #..#..
)###....##
....##..#..# ....
# .#.#.##.## .. ..
.#.#.#.#.## .. # #
. ...## #..
####### #


You could see 2 thrashing horrors.

Vanquished Creatures
  A hydra simulacrum (Abyss:2)
1 creature vanquished.

Notes
Turn   | Place    | Note
-------+----------+-------------------------------------------
     0 | Abyss:1  | MrRokkomies the Spriggan Abyssal Knight began the quest for
                  | the Orb.
     0 | Abyss:1  | Reached XP level 1. HP: 11/11 MP: 3/3
     1 | Abyss:1  | Found a corrupted altar of Lugonu.
    52 | Abyss:2  | Noticed a stone giant zombie
    71 | Abyss:2  | Noticed a six-headed hydra simulacrum
    82 | Abyss:2  | Killed a six-headed hydra simulacrum
    82 | Abyss:2  | Reached skill level 4 in Dodging
    82 | Abyss:2  | Reached XP level 2. HP: 16/16 MP: 4/4
    82 | Abyss:2  | Reached XP level 3. HP: 20/20 MP: 5/5
    82 | Abyss:2  | Reached XP level 4. HP: 24/24 MP: 6/6
   100 | Abyss:2  | Noticed a sixfirhy
   117 | Abyss:2  | Noticed a thrashing horror
   117 | Abyss:2  | Noticed a thrashing horror
   123 | Abyss:2  | Slain by a thrashing horror

Levels and vault maps discovered:
Abyss:2

Skill      XL: |  1 |
---------------+----+-----
Fighting       | 3 |  3.3
Short Blades   | 3 |  3.0
Dodging        | 4 |  4.4
Stealth        | 2 |  2.5
Invocations    | 2 |  2.1

Action                   |  1- 3 |  4- 6 || total
-------------------------+-------+-------++-------
Melee: Short sword       |     6 |       ||     6
Evoke: Wand              |     1 |     3 ||     4
 Stab: Paralysed         |     6 |       ||     6
Dodge: Dodged            |       |     2 ||     2

Table legend:
 A = Non-vault XP
 B = Vault XP
 C = Vault XP percentage of total XP
 D = Non-vault monster count
 E = Vault monster count
 F = Vault count percentage of total count
                 A         B        C        D         E       F
            +---------+---------+-------+---------+---------+-------
      Total |     149 |       0 |   0.0 |       1 |       0 |   0.0
            +---------+---------+-------+---------+---------+-------
    Abyss:2 |     149 |       0 |   0.0 |       1 |       0 |   0.0
            +---------+---------+-------+---------+---------+-------
